 Dungeon Crawl Stone Soup version 0.22.1-2-g9c5b331 (webtiles) character file.

10002 whitewolfNL the Basher (level 11, -22/92 HPs)
             Began as a Minotaur Berserker on Nov 17, 2018.
             Was a High Priest of Trog.
             Killed from afar by Azrael (39 damage)
             ... with damnation
             ... on level 2 of the Orcish Mines.
             The game lasted 01:06:20 (10149 turns).

whitewolfNL the Basher (Minotaur Berserker)        Turns: 10149, Time: 01:06:21

Health: -22/92     AC: 20    Str: 40    XL:     11   Next: 30%
Magic:  13/13      EV: 18    Int:  5    God:    Trog [*****.]
Gold:   1232       SH:  5    Dex: 17    Spells: 10/10 levels left

rFire    + + .     SeeInvis .   l - +5 flail "Pagieleu" {crush, Str+6}
rCold    x . .     Gourm    .   o - +0 buckler
rNeg     . . .     Faith    .   S - +0 plate armour
rPois    .         Spirit   .   (helmet restricted)
rElec    .         Reflect  .   g - +0 cloak
rCorr    .         Harm     .   A - +1 pair of gloves
MR       .....     NoTele   +   d - +1 pair of boots
Stlth    ..........             I - amulet of regeneration
HPRegen  0.65/turn              t - ring of fire
MPRegen  0.13/turn              B - ring "Keehuyt" {-Tele +Inv rF+ Str+7 Stlth-}

@: mighty, agile, berserk cooldown
A: retaliatory headbutt, horns 2
a: Berserk, Trog's Hand, Brothers in Arms, Renounce Religion, Evoke Invisibility


You were on level 2 of the Orcish Mines.
You worshipped Trog.
Trog was extremely pleased with you.
You were very hungry.

You visited 2 branches of the dungeon, and saw 11 of its levels.
You also visited: Sewer.

You collected 1232 gold pieces.

Inventory:

Hand Weapons
 l - the +5 flail "Pagieleu" (weapon) {crush, Str+6}
   (You found it on level 6 of the Dungeon)

   It inflicts extra damage upon your enemies.
   It affects your strength (+6).
 q - a +5 antimagic eveningstar
 r - the +2 arbalest of Evolution {penet, rPois MR++}
   (Trog gifted it to you on level 7 of the Dungeon)

   Ammo fired by it will pass through the targets it hits, potentially hitting
   all targets in its path until it reaches maximum range.
   It protects you from poison.
   It affects your resistance to hostile enchantments.
 G - a +0 shortbow
 T - the +4 spear of Wounding {antimagic, Str+2}
   (You took it off an orc wizard on level 7 of the Dungeon)

   It reduces the magical energy of the wielder, and disrupts the spells and
   magical abilities of those hit.
   Natural abilities and divine invocations are not affected.
   It affects your strength (+2).
Missiles
 i - 191 arrows
 E - 11 sling bullets
Armour
 d - a +1 pair of boots (worn)
 g - a +0 cloak (worn)
 o - a +0 buckler (worn)
 A - a +1 pair of gloves (worn)
 S - a +0 plate armour (worn)
Jewellery
 p - an uncursed amulet of the acrobat
 t - a ring of fire (left hand)
 y - an uncursed ring of resist corrosion
 B - the ring "Keehuyt" (right hand) {-Tele +Inv rF+ Str+7 Stlth-}
   (You found it on level 5 of the Dungeon)

   [ring of protection from fire]

   It affects your strength (+7).
   It protects you from fire.
   It lets you turn invisible.
   It prevents most forms of teleportation.
   It makes you less stealthy.
 D - an uncursed ring of poison resistance
 I - an amulet of regeneration (around neck)
Wands
 P - a wand of iceblast (9)
 Q - a wand of polymorph (16)
Scrolls
 a - a scroll of enchant armour {unknown}
 j - 2 scrolls of fear {unknown}
 m - 4 scrolls of magic mapping
 u - 2 scrolls of blinking
 z - 4 scrolls of teleportation
 C - a scroll of random uselessness {unknown}
 K - a scroll of fog {unknown}
 L - a scroll of noise {unknown}
 N - a scroll of amnesia {unknown}
Potions
 b - 2 potions of brilliance {unknown}
 f - 5 potions of curing
 h - 2 potions of haste {unknown}
 k - a potion of invisibility {unknown}
 n - a potion of resistance {unknown}
 s - 2 potions of might
 v - 4 potions of flight {unknown}
 w - a potion of berserk rage {unknown}
 F - a potion of lignification {unknown}
 H - 2 potions of cancellation {unknown}
 M - 3 potions of degeneration {unknown}
 O - a potion of heal wounds {unknown}
Comestibles
 c - 19 rations
 R - 6 chunks of flesh


   Skills:
 + Level 7.5 Fighting
 * Level 13.8 Maces & Flails
 * Level 9.7 Armour
 - Level 6.0 Dodging
 - Level 5.0 Stealth
 - Level 4.0 Shields
 - Level 4.0 Evocations


You had 10 spell levels left.
You didn't know any spells.
Your spell library was empty.

Dungeon Overview and Level Annotations

Branches:
Dungeon (9/15)             Temple (0/1) D:5             Orc (2/2) D:9
   Lair: D:8-11         Elf: Orc:2

Altars:
Cheibriados
Elyvilon
Fedhas
Qazlal
Ru
Sif Muna
Uskayaw
Vehumet
Xom

Shops:
D:6 =   D:9 [   Orc:2 ?

Annotations:
Orc:1 exclusion: oklob plant
Orc:2 Azrael


Innate Abilities, Weirdness & Mutations

You reflexively headbutt those who attack you in melee.
You have a pair of horns on your head.


Message History

You see here a giant club.
The fire elemental hits you. The fire elemental burns you! You resist.
* * * LOW HITPOINT WARNING * * *
Azrael hits you with a scimitar of flaming.
* * * LOW HITPOINT WARNING * * *
The fire elemental hits you. You block the fire elemental's attack.
You feel yourself speed up. Azrael gestures at you.
The bolt of fire hits the fire elemental.
The fire elemental completely resists.
The bolt of fire misses you. The fire elemental hits you.
The fire elemental burns you! You resist.
* * * LOW HITPOINT WARNING * * *
The fire elemental hits you. The fire elemental burns you! You resist.
* * * LOW HITPOINT WARNING * * *
You see here a hand axe.
The fire elemental misses you.
Azrael is no longer unusually agile.
Azrael gestures at you.
The sphere of damnation explodes!
The damnation engulfs you!
You die...

... ##.......# #.##
#...#....#[).##...#
#..#...###))....#
#.......##§)...##
#.......##.§§.##
##....^.#.R§§.##
##........EE..#
##.#.........##
#.........@..#
##..........##
#.....#.....#
####....#.....###
##.##......#..##.###
#.....##.###....##.##
##.#......#.........#
###.....#.....###.##
###........## ###


You could see Azrael and 2 fire elementals.

Vanquished Creatures
  2 orc sorcerers (Orc:1)
  3 trolls (Orc:1)
  Grinder (Sewer)
  A hippogriff (D:7)
  Prince Ribbit (D:7)
  A human (D:7)
  4 yaks (D:9)
  A hungry ghost (D:9)
  3 fire elementals
  4 hogs (D:7)
  Grum (D:9)
  A warg (Orc:2)
  A sky beast (D:6)
  A hell hound (Orc:2)
  2 ice beasts
  13 orc warriors
  9 ogres
  4 phantoms
  2 wolves (D:9)
  7 centaurs
  2 big kobolds
  4 bullfrogs
  Blork the orc (D:4)
  A wyvern skeleton (D:9)
  2 scorpions
  6 killer bees (D:9)
  2 crimson imps
  A centaur zombie (D:8)
  A quasit (Sewer)
  2 bullfrog zombies (D:5)
  A bullfrog skeleton (D:9)
  7 orc priests
  2 hounds
  18 orc wizards
  A centaur skeleton (D:9)
  3 iguanas
  4 worker ants
  A killer bee zombie (D:7)
  3 big kobold zombies (Sewer)
  A hound zombie (D:9)
  A hound skeleton (D:2)
  A worker ant zombie (D:6)
  Robin (D:4)
  4 gnolls
  14 adders
  7 shadow imps
  4 ufetubi (Sewer)
  An ooze (D:1)
  4 adder skeletons
  A worm (D:3)
  3 dart slugs (D:1)
  4 leopard geckos
  49 orcs
  3 ball pythons
  6 giant cockroaches
  10 goblins
  11 hobgoblins
  4 jackals (D:7)
  7 bats
  4 frilled lizards
  A giant cockroach zombie (D:5)
  20 kobolds
  A leopard gecko skeleton (D:6)
  A quokka zombie (D:8)
  9 rats
  A bush (D:3)
  A plant (D:3)
298 creatures vanquished.

Vanquished Creatures (others)
  A kobold zombie (Sewer)
1 creature vanquished.

Grand Total: 299 creatures vanquished

Notes
Turn   | Place    | Note
-------+----------+-------------------------------------------
     0 | D:1      | whitewolfNL the Minotaur Berserker began the quest for the
                  | Orb.
     0 | D:1      | Reached XP level 1. HP: 19/19 MP: 0/0
   310 | D:1      | Reached XP level 2. HP: 19/27 MP: 1/1
   522 | D:1      | Reached skill level 4 in Maces & Flails
  1024 | D:1      | Reached XP level 3. HP: 33/33 MP: 2/2
  1536 | D:2      | Reached XP level 4. HP: 40/40 MP: 3/3
  1572 | D:2      | Found a snail-covered altar of Cheibriados.
  1646 | D:2      | Reached ** piety under Trog
  1686 | D:2      | Found a deep blue altar of Sif Muna.
  1833 | D:2      | Found a shimmering altar of Xom.
  1835 | D:2      | Found a stormy altar of Qazlal.
  1909 | D:3      | Reached skill level 5 in Maces & Flails
  1909 | D:3      | Reached skill level 1 in Stealth
  1911 | D:3      | Reached skill level 1 in Shields
  2352 | D:3      | Reached XP level 5. HP: 46/46 MP: 4/4
  3203 | D:4      | Noticed Blork the orc
  3207 | D:4      | Killed Blork the orc
  3252 | D:4      | Noticed Robin
  3262 | D:4      | Killed Robin
  3392 | D:4      | Reached XP level 6. HP: 53/53 MP: 5/5
  3419 | D:4      | Reached skill level 6 in Maces & Flails
  3481 | D:4      | You fall through a shaft for 3 floors!
  3544 | D:5      | Entered Level 5 of the Dungeon
  3659 | D:5      | Reached *** piety under Trog
  3715 | D:5      | Found a glowing drain.
  3724 | Sewer    | Entered a sewer
  3742 | Sewer    | Reached XP level 7. HP: 60/60 MP: 6/6
  3878 | Sewer    | Reached skill level 7 in Maces & Flails
  3953 | Sewer    | Found a burning altar of Makhleb.
  3995 | Sewer    | Noticed Grinder
  4022 | Sewer    | Paralysed by Grinder for 3 turns
  4042 | Sewer    | Killed Grinder
  4357 | Sewer    | Reached skill level 8 in Maces & Flails
  4357 | Sewer    | Reached skill level 5 in Armour
  4399 | Sewer    | Reached **** piety under Trog
  4589 | D:5      | Reached XP level 8. HP: 64/67 MP: 7/7
  4925 | D:5      | Reached skill level 5 in Fighting
  5157 | D:5      | Reached skill level 9 in Maces & Flails
  5159 | D:5      | Found a staircase to the Ecumenical Temple.
  5407 | D:5      | Got a pitted lead ring
  5682 | D:5      | Identified the ring "Keehuyt" {-Tele +Inv rF+ Str+7 Stlth-}
                  | (You found it on level 5 of the Dungeon)
  6381 | D:6      | Reached skill level 1 in Evocations
  6381 | D:6      | Reached XP level 9. HP: 74/74 MP: 8/8
  6529 | D:6      | Got a crude flail
  6628 | D:6      | Found Didd's Jewellery Shoppe.
  6861 | D:7      | Reached ***** piety under Trog
  6882 | D:7      | Reached skill level 10 in Maces & Flails
  6933 | D:7      | Reached skill level 5 in Dodging
  6939 | D:7      | Noticed Prince Ribbit
  6978 | D:7      | Got a jewelled spear {antimagic}
  6992 | D:7      | Killed Prince Ribbit
  7003 | D:7      | Reached skill level 11 in Maces & Flails
  7036 | D:7      | Identified the +4 spear of Wounding {antimagic, Str+2} (You
                  | took it off an orc wizard on level 7 of the Dungeon)
  7037 | D:7      | Identified the +5 flail "Pagieleu" {crush, Str+6} (You
                  | found it on level 6 of the Dungeon)
  7144 | D:7      | Received a gift from Trog
  7156 | D:7      | Got a twisted arbalest {god gift}
  7163 | D:7      | Reached XP level 10. HP: 83/83 MP: 10/10
  7213 | D:7      | Identified the +2 arbalest of Evolution {penet, rPois MR++}
                  | (Trog gifted it to you on level 7 of the Dungeon)
  7250 | D:7      | Found a blossoming altar of Fedhas.
  7472 | D:8      | Found a radiant altar of Vehumet.
  7495 | D:8      | Found a white marble altar of Elyvilon.
  7495 | D:8      | Found a sacrificial altar of Ru.
  7495 | D:8      | Found a hide-covered altar of Uskayaw.
  8213 | D:8      | Got a jewelled whip
  8334 | D:9      | Reached skill level 12 in Maces & Flails
  8438 | D:9      | Identified the cursed +0 whip of the Rat {elec, *Rage
                  | +Blink Dex-3 SInv} (You found it on level 8 of the Dungeon)
  8771 | D:9      | Noticed Grum
  8782 | D:9      | Found a staircase to the Orcish Mines.
  8785 | D:9      | Killed Grum
  8791 | D:9      | Found Xiblaulu's Armour Boutique.
  9204 | Orc:1    | Entered Level 1 of the Orcish Mines
  9204 | Orc:1    | Noticed an orc sorcerer
  9220 | Orc:1    | Killed an orc sorcerer
  9220 | Orc:1    | Reached skill level 13 in Maces & Flails
  9220 | Orc:1    | Reached skill level 5 in Stealth
  9261 | Orc:1    | Received a gift from Trog
  9266 | Orc:1    | Reached XP level 11. HP: 78/92 MP: 12/12
  9700 | Orc:1    | Noticed an orc sorcerer
  9706 | Orc:1    | Killed an orc sorcerer
  9820 | Orc:1    | Noticed an oklob plant
  9901 | Orc:2    | Entered Level 2 of the Orcish Mines
  9901 | Orc:2    | Found Vunwu's Magic Scroll Boutique.
  9901 | Orc:2    | Noticed Azrael
 10149 | Orc:2    | Killed from afar by Azrael

Skill      XL: |  1  2  3  4  5  6  7  8  9 10 11 |
---------------+----------------------------------+-----
Maces & Flails | 4 5 6 8 9 11 13 | 13.8
Fighting       | 4 5 6 7 |  7.5
Armour         | 3 4 5 6 7 9 |  9.7
Stealth        | 1 2 3 4 5 |  5.0
Shields        | 1 2 3 4 |  4.0
Dodging        | 3 4 5 6 |  6.0
Evocations     | 1 2 3 4 |  4.0

Action                   |  1- 3 |  4- 6 |  7- 9 | 10-12 || total
-------------------------+-------+-------+-------+-------++-------
Melee: Mace              |    59 |    28 |   283 |       ||   370
       Headbutt          |    12 |    28 |    55 |    58 ||   153
       Flail             |       |   144 |    13 |   241 ||   398
       Eveningstar       |       |       |       |     7 ||     7
Invok: Berserk           |       |     9 |    13 |    12 ||    34
  Use: Scroll            |     2 |     1 |     7 |     3 ||    13
       Potion            |       |       |       |     4 ||     4
  Eat: Chunk             |     2 |    15 |    14 |    21 ||    52
       Ration            |       |       |     3 |       ||     3
Armor: Leather armour    |     5 |       |       |       ||     5
       Chain mail        |    23 |    81 |    96 |       ||   200
       Plate armour      |       |       |    53 |   151 ||   204
Dodge: Dodged            |    32 |    74 |   143 |   129 ||   378
Block: Buckler           |     4 |    24 |    60 |    69 ||   157
